 Dungeon Crawl Stone Soup version 0.30.0 (webtiles) character file.

Game seed: 12676113080148805981

1532 Dani the Cleaver (level 8, -3/56 (58) HPs)
             Began as a Demonspawn Fighter on May 20, 2023.
             Was an Initiate of Gozag.
             Slain by a wight
             ... wielding a +5 war axe
              (8 damage)
             ... on level 7 of the Dungeon.
             The game lasted 00:07:30 (4731 turns).

Dani the Cleaver (Demonspawn Fighter)               Turns: 4731, Time: 00:07:31

HP:   -3/56 (58)    AC:  7    Str: 16    XL:     8   Next: 55%
MP:   8/8           EV:  8    Int: 11    God:    Gozag
Gold: 143           SH:  4    Dex: 14    Spells: 7/7 levels left

rFire   . . .        a - +3 war axe (venom)
rCold   . . .        c - +0 buckler
rNeg    . . .        b - +1 scale mail
rPois   +            (helmet restricted)
rElec   .            (no cloak)
rCorr   .            (gloves unavailable)
SInv    .            (no boots)
Will    .....        y - amulet of regeneration Stlth
                     o - ring of poison resistance
HPRegen 2.09/turn    (no ring)
MPRegen 0.11/turn

%: no passive effects
@: gold aura, lightly drained
A: horns 1, powered by death 1, demonic magic 1, demonic touch 3
a: Renounce Religion, Potion Petition, Call Merchant, Bribe Branch


You were on level 7 of the Dungeon.
You worshipped Gozag.
Gozag was aware of your devotion.
You visited 1 branch of the dungeon, and saw 7 of its levels.

You collected 458 gold pieces.
You spent 203 gold pieces at shops.
You paid 112 gold pieces to Gozag.

Inventory:

Hand Weapons
 a - a +3 war axe of venom (weapon)
Armour
 b - a +1 scale mail (worn)
 c - a +0 buckler (worn)
Jewellery
 f - a ring of fire
   (You found it on level 1 of the Dungeon)
 n - a +6 ring of intelligence
   (You found it on level 3 of the Dungeon)
 o - a ring of poison resistance (left hand)
   (You found it on level 7 of the Dungeon)
 y - an amulet of regeneration (around neck)
   (You found it on level 1 of the Dungeon)
Wands
 l - a wand of charming (27)
   (You found it on level 3 of the Dungeon)
 q - a wand of polymorph (9)
   (You found it on level 6 of the Dungeon)
 A - a wand of acid (7)
   (You found it on level 4 of the Dungeon)
Scrolls
 R - 6 scrolls of identify {@r1}
 T - 4 scrolls of teleportation
Potions
 d - a potion of might
 e - a potion of heal wounds {unknown}
 g - 2 potions of attraction {unknown}
 h - a potion of flight {unknown}
 i - a potion of brilliance {unknown}
 j - a potion of berserk rage {unknown}
 k - 4 potions of degeneration {unknown}
 m - a potion of cancellation {unknown}
 p - 4 potions of lignification {unknown}
 r - a potion of magic {unknown}
 H - 3 potions of haste
 Q - 4 potions of curing {@q1}


   Skills:
 - Level 3.0 Fighting
 + Level 10.1 Axes
 - Level 2.6 Armour
 - Level 2.6 Shields


You had 7 spell levels left.
You didn't know any spells.
Your spell library contained the following spells:

 Spells                   Type           Power      Damage    Failure   Level
 Magic Dart               Conj           0%         1d3       86%         1
 Blink                    Tloc           0%         N/A       94%         2
 Call Imp                 Summ           0%         N/A       94%         2
 Lesser Beckoning         Tloc           0%         N/A       94%         2
 Momentum Strike          Conj/Tloc      0%         3d8       94%         2
 Poisonous Vapours        Pois/Air       0%         N/A       94%         2
 Sublimation of Blood     Necr           0%         N/A       94%         2
 Wereblood                Tmut           0%         N/A       94%         2
 Gell's Gravitas          Tloc           0%         N/A       99%         3
 Mephitic Cloud           Conj/Pois/Air  0%         N/A       99%         3
 Teleport Other           Tloc           0%         N/A       99%         3
 Freezing Cloud           Conj/Ice/Air   0%         6-21      100%        5
 Summon Hydra             Summ           0%         N/A       100%        7


Dungeon Overview and Level Annotations

Branches:
Dungeon (7/15)             Temple (0/1) D:7

Altars:
Gozag
Hepliaklqana
Nemelex Xobeh
Wu Jian
Xom

Shops:
D:5 (   D:6 ?   D:7 !


Innate Abilities, Weirdness & Mutations

You have a pair of small horns on your head.
You regenerate a little health from kills.
Spells you cast may paralyse adjacent enemies.
Your touch may irresistibly damage your foes and sap their willpower.


Message History

You see here a +0 spear.
Key pressed, stopping explore.
Key pressed, stopping explore.
An orc comes into view. It is wielding a +0 dagger.
The orc shouts!
An orc priest comes into view. It is wielding a +0 dagger.
An orc comes into view. It is wielding a +0 hand axe.
The orc moves out of view.
There are monsters nearby!
There are monsters nearby!
There are monsters nearby!
o - a ring of poison resistance (left hand)
The orc shouts!
The orc priest shouts!
An orc warrior comes into view. It is wielding a +0 trident.
There are monsters nearby!
You hit the orc priest.
The orc priest is poisoned.
The orc priest is moderately wounded.
The orc priest hits you but does no damage.
There are monsters nearby!
You hit the orc priest but do no damage.
The orc priest looks as sick as possible!
The orc priest is moderately wounded.
The orc priest hits you with a +0 dagger.
You hit the orc priest.
The orc priest looks as sick as possible!
The orc priest is almost dead.
You hit the orc.
You kill the orc!
You kill the orc priest!
The orc warrior is distracted by your dazzling golden aura.
There are monsters nearby!
You barely miss the orc. You block the orc's attack.
There are monsters nearby!
You closely miss the orc.
The orc warrior shouts!
You headbutt the orc.
The orc is almost dead.
The orc warrior is no longer distracted by gold.
The orc barely misses you.
The orc warrior hits you from afar with a +0 trident!
A wight comes into view. It is wielding a +5 war axe.
There are monsters nearby!
You slash the orc!
You kill the orc!
The orc warrior hits you from afar with a +0 trident.
There are monsters nearby!
A wight comes into view.
It is wielding a +3 falchion of freezing.
The orc warrior hits you with a +0 trident.
Things that are here:
6 gold pieces; a +0 dagger; a +0 ring mail
There are monsters nearby!
You slash the orc warrior!
The orc warrior is poisoned.
You headbutt the orc warrior, but do no damage.
The orc warrior is moderately wounded.
You block the orc warrior's attack.
A wight comes into view. It is wielding a +0 halberd.
There are monsters nearby!
You hit the orc warrior.
The orc warrior is heavily wounded.
A wight comes into view. It is wielding a +0 dire flail.
You block the orc warrior's attack.
There are monsters nearby!
You hit the orc warrior.
The orc warrior looks as sick as possible!
Your headbutt misses the orc warrior.
The orc warrior is heavily wounded.
You slash the wight!
The orc warrior hits you with a +0 trident!
* * * LOW HITPOINT WARNING * * *
The wight hits you with a +5 war axe!
* * * LOW HITPOINT WARNING * * *
The wight barely misses you.
There are monsters nearby!
You are too injured to fight recklessly!
There are monsters nearby!
You are too injured to fight recklessly!
There are monsters nearby!
You are too injured to fight recklessly!
There are monsters nearby!
You are too injured to fight recklessly!
You are too injured to fight recklessly!
You hit the orc warrior but do no damage.
The orc warrior looks as sick as possible!
Your headbutt misses the orc warrior.
The orc warrior is heavily wounded.
You completely miss the wight.
The orc warrior hits you with a +0 trident!
* * * LOW HITPOINT WARNING * * *
The wight hits you with a +5 war axe.
* * * LOW HITPOINT WARNING * * *
You feel drained.
* * * LOW HITPOINT WARNING * * *
The wight hits you but does no damage.
You barely miss the wight.
The wight is heavily damaged.
You slash the orc warrior!
The orc warrior looks as sick as possible!
You kill the orc warrior!
The wight hits you with a +5 war axe!
You die...
Your body crumbles into a pile of gold.

......####..###....###
.#..### #.#.#.#.#.#
.##.# #.##..###.#
.##.# #.........#
....# #####.#####
.#### #.# .# ####.####
.# #....z$.#### .#
#.##.z@....# .# #
####z#...# .# .z....#
.# ......# ## ......#
##..... #####


You could see 4 wights.

Vanquished Creatures
  Duvessa (D:4)
  An orc warrior (D:7)
  2 ice beasts
  A sky beast (D:6)
  An ogre (D:5)
  A phantom (D:4)
  2 scorpions
  Dowan (D:4)
  A howler monkey (D:4)
  3 hounds
  An orc priest (D:7)
  3 jellies
  A sleepcap (D:6)
  Terence (D:3)
  4 orc wizards
  5 iguanas
  10 adders
  6 gnolls
  A white imp (D:6)
  4 ufetubi
  3 worms
  2 dart slugs (D:2)
  15 orcs
  12 ball pythons
  7 bats
  3 endoplasms
  10 goblins
  7 hobgoblins
  10 jackals
  2 quokkas (D:3)
  A frilled lizard (D:1)
  5 kobolds
  5 rats
132 creatures vanquished.

Notes
Turn   | Place    | Note
-------+----------+-------------------------------------------
     0 | D:1      | Dani the Demonspawn Fighter began the quest for the Orb.
     0 | D:1      | Reached XP level 1. HP: 18/18 MP: 1/1
    78 | D:1      | Reached skill level 2 in Axes
   157 | D:1      | Discovered your monstrous ancestry.
   157 | D:1      | Gained mutation: You have a pair of small horns on your
                  | head. [demonic ancestry]
   157 | D:1      | Reached XP level 2. HP: 22/24 MP: 2/2
   559 | D:2      | Reached skill level 3 in Axes
   564 | D:2      | Gained mutation: Your touch may inflict minor irresistible
                  | damage on your foes. [demonic ancestry]
   564 | D:2      | Reached XP level 3. HP: 29/29 MP: 3/3
   647 | D:2      | Gained mutation: You regenerate a little health from kills.
                  | [demonic ancestry]
   647 | D:2      | Reached XP level 4. HP: 35/35 MP: 4/4
   734 | D:2      | Reached skill level 4 in Axes
  1559 | D:3      | Gained mutation: Spells you cast may paralyse adjacent
                  | enemies. [demonic ancestry]
  1559 | D:3      | Reached XP level 5. HP: 29/41 MP: 5/5
  1599 | D:3      | Reached skill level 5 in Axes
  1647 | D:3      | Noticed Terence
  1652 | D:3      | Killed Terence
  2036 | D:4      | Gained mutation: Your touch may inflict irresistible damage
                  | on your foes. [demonic ancestry]
  2036 | D:4      | Reached XP level 6. HP: 47/47 MP: 6/6
  2041 | D:4      | Reached skill level 6 in Axes
  2319 | D:4      | Reached skill level 7 in Axes
  2319 | D:4      | Reached XP level 7. HP: 47/52 MP: 7/7
  2518 | D:4      | Noticed Dowan
  2519 | D:4      | Noticed Duvessa
  2530 | D:4      | Killed Dowan
  2533 | D:4      | HP: 10/52 [Duvessa/+0 short sword (11)]
  2535 | D:4      | Killed Duvessa
  2663 | D:4      | Found an ornate altar of the Wu Jian Council.
  3062 | D:5      | Entered Level 5 of the Dungeon
  3177 | D:5      | Found a sparkling altar of Nemelex Xobeh.
  3182 | D:5      | Reached skill level 8 in Axes
  3259 | D:5      | Found Pantef's Antique Weapon Shop.
  3263 | D:5      | HP: 11/52 [iguana (10)]
  3486 | D:6      | Gained mutation: Your touch may irresistibly damage your
                  | foes and sap their willpower. [demonic ancestry]
  3486 | D:6      | Reached XP level 8. HP: 36/58 MP: 8/8
  3844 | D:6      | Reached skill level 9 in Axes
  3858 | D:6      | Found an opulent altar of Gozag.
  3860 | D:6      | Found a hazy altar of Hepliaklqana.
  3908 | D:6      | Became a worshipper of Gozag Ym Sagoz the Greedy
  4123 | D:6      | Found Sios's Magic Scroll Shoppe.
  4129 | D:6      | Bought a scroll of enchant weapon for 82 gold pieces
  4129 | D:6      | Bought a scroll of enchant weapon for 82 gold pieces
  4139 | D:7      | Noticed an angel
  4139 | D:7      | Found a shimmering altar of Xom.
  4318 | D:7      | Found Ruiss's Distillery.
  4323 | D:7      | Bought a potion of curing for 39 gold pieces
  4482 | D:7      | Reached skill level 10 in Axes
  4495 | D:7      | Found a staircase to the Ecumenical Temple.
  4730 | D:7      | HP: 11/58 [orc warrior/+0 trident (8)]
  4730 | D:7      | HP: 5/58 [wight/+5 war axe (6)]
  4731 | D:7      | Slain by a wight

Illustrated notes

Levels and vault maps discovered:
D:1:      nagdon_arrival_double_spiral, layout_rooms
D:2:      layout_basic
D:3:      layout_basic, minivault_14, uniq_terence
D:4:      minmay_bubble_buster, layout_loops_ring, nzn_wu_jian_council_hall,
          serial_rivers, chequers_serial_rivers_marsh,
          chequers_serial_rivers_large_b, chequers_serial_rivers_micro_d,
          chequers_serial_rivers_small_a, chequers_serial_rivers_small_3,
          chequers_serial_rivers_small_b, grunt_ministairs_4, uniq_duvessa
D:5:      layout_basic, mainiacjoe_overflow_boulevard, grunt_decor_fettered,
          kennysheep_small_square
D:6:      layout_gridville, mainiacjoe_overflow_catwalk_spiral, serial_shops,
          shop
D:7:      layout_loops_corners, grunt_temple_overflow_order_and_chaos_1,
          minmay_temple_entry_sparse_star, serial_shops, kennysheep_little_box

Skill      XL: |  1  2  3  4  5  6  7  8 |
---------------+-------------------------+-----
Axes           | 2 3 4 5 7 8 10 | 10.1
Fighting       | |  3.0
Armour         | |  2.6
Shields        | |  2.6

Action                     |  1- 3 |  4- 6 |  7- 9 || total
---------------------------+-------+-------+-------++-------
  Melee: War axe           |    53 |   153 |   112 ||   318
         Headbutt          |     5 |    23 |    24 ||    52
    Use: Scroll            |     6 |     4 |     5 ||    15
   Stab: Distracted        |       |       |     1 ||     1
 Armour: Scale mail        |    30 |    67 |    40 ||   137
  Dodge: Dodged            |    30 |    72 |    36 ||   138
  Block: Buckler           |    22 |    35 |    13 ||    70

Levels and vault maps discovered:
D:1:      nagdon_arrival_double_spiral, layout_rooms
D:2:      layout_basic
D:3:      layout_basic, minivault_14, uniq_terence
D:4:      minmay_bubble_buster, layout_loops_ring, nzn_wu_jian_council_hall,
          serial_rivers, chequers_serial_rivers_marsh,
          chequers_serial_rivers_large_b, chequers_serial_rivers_micro_d,
          chequers_serial_rivers_small_a, chequers_serial_rivers_small_3,
          chequers_serial_rivers_small_b, grunt_ministairs_4, uniq_duvessa
D:5:      layout_basic, mainiacjoe_overflow_boulevard, grunt_decor_fettered,
          kennysheep_small_square
D:6:      layout_gridville, mainiacjoe_overflow_catwalk_spiral, serial_shops,
          shop
D:7:      layout_loops_corners, grunt_temple_overflow_order_and_chaos_1,
          minmay_temple_entry_sparse_star, serial_shops, kennysheep_little_box

Table legend: (Time is in decaauts)
 A = Elapsed time spent in this place.
 B = Non-inter-level travel time spent in this place.
 C = Inter-level travel time spent in this place.
 D = Time resting spent in this place.
 E = Time spent auto-exploring this place.
 F = Levels seen in this place.
 G = Mean time per level.
                   A        B        C        D        E       F      G
               +--------+--------+--------+--------+--------+-----+--------+
         Total |   4862 |   4710 |    152 |      0 |   3856 |   7 |  694.6 |
       Dungeon |   4862 |   4710 |    152 |      0 |   3856 |   7 |  694.6 |
               +--------+--------+--------+--------+--------+-----+--------+

Top non-repeatable levels by time:
     D:4: 1124 daAuts
     D:2: 946 daAuts
     D:6: 780 daAuts
     D:7: 593 daAuts
     D:3: 587 daAuts
     D:1: 530 daAuts
     D:5: 300 daAuts

Table legend:
 A = Kills in this place as a percentage of kills in the entire game.
 B = Kills by you in this place as a percentage of kills by you in the entire game.
 C = Kills by friends in this place as a percentage of kills by friends in the entire game.
 D = Other kills in this place as a percentage of other kills in the entire game.
 E = Experience gained in this place as a percentage of experience gained in the entire game.
 F = Experience gained in this place divided by the number of levels of this place that you have seen.
                   A       B       C       D       E      F
               +-------+-------+-------+-------+-------+----------------------
         Total | 100.0 | 100.0 |   N/A |   N/A | 100.0 | 332.1
       Dungeon | 100.0 | 100.0 |   N/A |   N/A | 100.0 | 332.1
               +-------+-------+-------+-------+-------+----------------------
